 Dungeon Crawl Stone Soup version 0.20-a0-299-gec7c366 (webtiles) character file.

22712 nubinia the Stormcaller (level 13, 0/68 HPs)
             Began as a Tengu Air Elementalist on Dec 14, 2016.
             Was an Elder of Vehumet.
             Slain by a killer bee (7 damage)
             ... on level 4 of the Lair of Beasts on Dec 15, 2016.
             The game lasted 01:54:07 (19863 turns).

nubinia the Stormcaller (Tengu Air Elementalist)   Turns: 19863, Time: 01:54:08

Health: 0/68       AC:  7    Str: 10    XL:     13   Next: 2%
Magic:  10/32      EV: 17    Int: 22    God:    Vehumet [****..]
Gold:   780        SH:  3    Dex: 16    Spells: 9/24 levels left

rFire  . . .     SeeInvis +     a - +2 short sword (drain)
rCold  + . .     Gourm    .     J - +0 robe {rC+}
rNeg   . . .     Faith    .     D - +0 buckler
rPois  .         Spirit   .     (helmet restricted)
rElec  .         Reflect  .     S - +2 cloak
rCorr  .         Harm     .     U - +1 pair of gloves {Str+3}
MR     .....                    (boots unavailable)
Stlth  +++.......               (no amulet)
                                i - +3 ring of intelligence
                                h - ring of magical power

@: lethally poisoned (0 -> -8), flying quickly and evasively, repel missiles,
quick
A: beak, talons 3, see invisible, weak 1, wild magic 1, able to fly 1
a: Renounce Religion


You were on level 4 of the Lair of Beasts.
You worshipped Vehumet.
Vehumet was greatly pleased with you.
You were very hungry.

You visited 3 branches of the dungeon, and saw 15 of its levels.

You collected 780 gold pieces.

Inventory:

Hand Weapons
 a - a +2 short sword of draining (weapon)
 b - a +0 blowgun
 q - a +3 flail of freezing
 R - the +6 dagger "Goblinbane" {pierce, MR+ Int+3}
   (You found it on level 10 of the Dungeon)

   It inflicts extra damage upon your enemies.
   It affects your intelligence (+3).
   It affects your resistance to hostile enchantments.
Missiles
 x - 11 poisoned needles
Armour
 D - a +0 buckler (worn)
 J - a +0 robe of cold resistance (worn)
 S - a +2 cloak (worn)
 U - a +1 pair of gloves of strength (worn)
 X - a +2 pair of gloves
Jewellery
 h - a ring of magical power (left hand)
 i - a +3 ring of intelligence (right hand)
 m - an uncursed ring of protection from fire
Wands
 d - a wand of flame (30/48)
 g - a wand of polymorph (4/24)
 o - a wand of hasting (2/9)
 t - a wand of acid (5/15)
 A - a wand of digging (22/24)
 G - a wand of iceblast (1/15)
 M - a wand of lightning (11/15)
 N - a wand of heal wounds (0/9)
 T - a wand of lightning (6/15)
 Z - a wand of random effects (25/48)
Scrolls
 k - 5 scrolls of immolation
 n - 6 scrolls of remove curse
 p - 6 scrolls of enchant weapon
 v - 2 scrolls of identify
 O - a scroll of magic mapping
 V - a scroll of recharging
 Y - 2 scrolls of teleportation
Potions
 e - 7 potions of curing
 f - 5 potions of haste
 j - a potion of heal wounds
 l - a potion of agility
 r - 2 potions of cure mutation
 z - a potion of magic
 B - 3 potions of invisibility
 E - a potion of flight
 H - a potion of cancellation
 I - 3 potions of resistance
Books
 w - a book of Air

   Spells                             Type                      Level
   a - Shock                          Conjuration/Air              1
   b - Swiftness                      Charms/Air                   2
   c - Repel Missiles                 Charms/Air                   2
   d - Static Discharge               Conjuration/Air              3
   e - Lightning Bolt                 Conjuration/Air              5
 y - a book of Necromancy

   Spells                             Type                      Level
   a - Pain                           Necromancy                   1
   b - Animate Skeleton               Necromancy                   1
   c - Vampiric Draining              Necromancy                   3
   d - Regeneration                   Charms/Necromancy            3
   e - Animate Dead                   Necromancy                   4
   f - Control Undead                 Necromancy                   4
 K - a book of Party Tricks

   Spells                             Type                      Level
   a - Summon Butterflies             Summoning                    1
   b - Apportation                    Translocation                1
   c - Lesser Beckoning               Translocation                3
   d - Tukima's Dance                 Hexes                        3
   e - Alistair's Intoxication        Transmutation/Poison         5
   f - Invisibility                   Hexes                        6
 L - a book of Frost

   Spells                             Type                      Level
   a - Freeze                         Ice                          1
   b - Throw Frost                    Conjuration/Ice              2
   c - Ozocubu's Armour               Charms/Ice                   3
   d - Throw Icicle                   Conjuration/Ice              4
   e - Summon Ice Beast               Ice/Summoning                4
 P - a book of Conjurations

   Spells                             Type                      Level
   a - Magic Dart                     Conjuration                  1
   b - Searing Ray                    Conjuration                  2
   c - Dazzling Spray                 Conjuration/Hexes            3
   d - Fulminant Prism                Conjuration/Hexes            4
   e - Iskenderun's Mystic Blast      Conjuration                  4
   f - Iskenderun's Battlesphere      Conjuration/Charms           5
 W - a book of Debilitation

   Spells                             Type                      Level
   a - Corona                         Hexes                        1
   b - Slow                           Hexes                        2
   c - Gell's Gravitas                Hexes/Translocation          3
   d - Inner Flame                    Hexes/Fire                   3
   e - Cause Fear                     Hexes                        4
   f - Leda's Liquefaction            Hexes/Earth                  4
Comestibles
 c - 9 bread rations
 s - 4 meat rations
 u - 3 fruits


   Skills:
 - Level 2.6 Fighting
 - Level 0.4 Short Blades
 - Level 4.8 Throwing
 - Level 4.7 Dodging
 - Level 4.0 Stealth
 + Level 6.3 Spellcasting
 - Level 16.4 Conjurations
 - Level 1.5 Fire Magic
 - Level 16.4 Air Magic
 - Level 0.8 Evocations


You had 9 spell levels left.
You knew the following spells:

 Your Spells              Type           Power        Failure   Level  Hunger
a - Shock                 Conj/Air       ####         1%          1    None
b - Static Discharge      Conj/Air       #######.     1%          3    #......
c - Lightning Bolt        Conj/Air       #######...   1%          5    #####..
d - Throw Flame           Conj/Fire      ######       1%          2    None
r - Repel Missiles        Chrm/Air       ######       1%          2    None
s - Swiftness             Chrm/Air       ######..     1%          2    None


Dungeon Overview and Level Annotations

Branches:
Dungeon (10/15)            Temple (0/1) D:5            Lair (4/6) D:10
  Swamp (0/4) Lair:4        Snake (0/4) Lair:3          Orc (1/2) D:10

Altars:
Ashenzari
Elyvilon
Fedhas
Gozag
Hepliaklqana
Makhleb
Okawaru
Qazlal
Trog
Uskayaw
Vehumet
Yredelemnul
Zin

Shops:
D:9 :

Annotations:
D:5 Ijustatesigmund's ghost, novice HOMo
Lair:3 Rupert
Orc:1 AkloMaestro's ghost, journeyman DDHu


Innate Abilities, Weirdness & Mutations

You have a beak for a mouth.
You have claws for feet.
You can fly.
You have supernaturally acute eyesight. (SInv)
You are weak. (Str -2)
Your spells are a little harder to cast, but a little more powerful.


Message History

Unknown command.
You feel sick. The killer bee stings you.
* * * LOW HITPOINT WARNING * * *
You are lethally poisoned!
The killer bee poisons you!
You see here a potion of brilliance.
* * * LOW HITPOINT WARNING * * *
You feel sick. The killer bee closely misses you.
A hippogriff comes into view.
* * * LOW HITPOINT WARNING * * *
You feel sick.
The hippogriff moves out of view.
The killer bee completely misses you.
* * * LOW HITPOINT WARNING * * *
You feel sick.
The killer bee stings you but does no damage.
* * * LOW HITPOINT WARNING * * *
You feel sick.
* * * LOW HITPOINT WARNING * * *
You feel sick. The killer bee stings you!
You die...

*,,,,........,,,,y..,,,,,,,,,,,,,
**,,,......P.,,,..,,..P,,,,,,,,,,
*,,,,...y....##.#,,,..,,*,**,,,,,
,,,,,.......#..#,*,....#.*,,*,,,,
,,,,*......#.##.#,#...#.#,**,*,,,
,,,,,......#.##*.#.....#,***,*,,,
,,,,,.......#.#**.#...#,***,*,,,,
,,,*,##.....#.###.#...#.#**,*,,,,
,,*,*..#...#.###@#.....#,***,*,,,
,*,*,*#.#..#.###y#.....#,***,*,,*
,,*,**#.#...#.###k#,,,*,***,*,,,*
,*,***,#...#.#.##.#,,,*,**,*,*,,,
,*,***,#....#.#!.#.....#,,*,*,,,,
,,*,**#.#....#.##.......#*,*,,,,*
,*,*,*#,#.........##.##..,,,,,,,*
,,,,*,,#........###,..#**,,,,,,,,
*,,*,*#.......###,,,*...***,,,,,,


You could see a rime drake and a killer bee.

Vanquished Creatures
  Nessos (Lair:4)
  2 hydras (Lair:3)
  Pikel (D:8)
  3 elephants (Lair:4)
  A black mamba (Lair:2)
  Joseph (D:8)
  Maurice (D:8)
  7 spiny frogs
  2 komodo dragons
  A troll (D:10)
  A polar bear (Lair:2)
  8 blink frogs
  Prince Ribbit (D:8)
  4 hippogriffs
  A shadow (D:9)
  3 wyverns
  15 yaks
  2 basilisks
  A hog (D:9)
  A hungry ghost (D:9)
  A human (D:9)
  A steam dragon (D:8)
  3 nagas (Lair:3)
  4 water moccasins
  3 porcupines
  5 orc warriors
  2 slaves (D:8)
  2 ice beasts
  3 sky beasts
  2 black bears
  2 necrophages
  2 phantoms
  8 ogres
  9 wolves
  3 centaurs
  8 crocodiles
  A big kobold (D:10)
  10 bullfrogs
  A water moccasin zombie (D:8)
  4 scorpions
  12 killer bees (Lair:4)
  10 wights (D:6)
  2 howler monkeys (D:7)
  9 crimson imps
  A quasit (D:5)
  3 centaur zombies
  2 hounds
  4 jellies
  4 orc priests
  A centaur skeleton (D:4)
  Ijyb (D:2)
  Terence (D:2)
  An iguana (D:8)
  4 orc wizards
  11 worker ants
  10 hell rats
  A killer bee zombie (D:10)
  2 hound skeletons
  A worker ant zombie (D:8)
  A howler monkey zombie (D:6)
  10 gnolls
  11 adders
  3 river rats (Lair:1)
  2 shadow imps
  An adder skeleton (D:4)
  An adder zombie (D:8)
  3 worms
  5 dart slugs
  5 leopard geckos
  37 orcs
  6 bats (D:1)
  4 giant cockroaches
  6 goblins
  5 hobgoblins
  6 jackals
  15 kobolds
  4 quokkas
  8 frilled lizards
  12 rats
  2 plants
358 creatures vanquished.

Vanquished Creatures (others)
  A slave (D:8)
  A worker ant (D:8)
  8 fungi
  3 plants
13 creatures vanquished.

Grand Total: 371 creatures vanquished

Notes
Turn   | Place    | Note
-------+----------+-------------------------------------------
     0 | D:1      | nubinia the Tengu Air Elementalist began the quest for the Orb.
     0 | D:1      | Reached XP level 1. HP: 10/10 MP: 4/4
   272 | D:1      | Reached XP level 2. HP: 15/15 MP: 4/6
   298 | D:1      | Learned a level 2 spell: Repel Missiles
   335 | D:1      | Learned a level 2 spell: Swiftness
   842 | D:1      | Reached XP level 3. HP: 19/19 MP: 7/7
  1129 | D:2      | Found a white marble altar of Elyvilon.
  1144 | D:2      | Reached skill level 5 in Air Magic
  1347 | D:2      | Reached XP level 4. HP: 11/24 MP: 8/8
  1610 | D:2      | Noticed Terence
  2041 | D:2      | Noticed Ijyb
  2058 | D:2      | Killed Ijyb
  2150 | D:2      | Found a radiant altar of Vehumet.
  2150 | D:2      | Found a burning altar of Makhleb.
  2157 | D:2      | Became a worshipper of Vehumet
  2234 | D:2      | Killed Terence
  2234 | D:2      | Gained mutation: You can fly. [Tengu growth]
  2234 | D:2      | Reached XP level 5. HP: 28/28 MP: 9/9
  2484 | D:3      | Learned a level 3 spell: Static Discharge
  3132 | D:3      | Noticed a moth of wrath
  3133 | D:3      | Reached * piety under Vehumet
  3133 | D:3      | Offered knowledge of Sandblast by Vehumet.
  3136 | D:3      | Found a bloodstained altar of Trog.
  3236 | D:4      | Found an iron altar of Okawaru.
  3252 | D:4      | Reached XP level 6. HP: 32/32 MP: 10/10
  3722 | D:4      | Found a basalt altar of Yredelemnul.
  3863 | D:5      | Entered Level 5 of the Dungeon
  3905 | D:5      | Reached skill level 5 in Conjurations
  3930 | D:5      | Noticed Ijustatesigmund's ghost (novice HOMo)
  3991 | D:5      | Found a staircase to the Ecumenical Temple.
  4143 | D:5      | Reached XP level 7. HP: 24/36 MP: 1/11
  4804 | D:6      | Found an opulent altar of Gozag.
  4804 | D:6      | Found a glowing silver altar of Zin.
  4808 | D:6      | Found a shattered altar of Ashenzari.
  4808 | D:6      | Found a hazy altar of Hepliaklqana.
  4835 | D:6      | Found a stormy altar of Qazlal.
  4881 | D:6      | Reached XP level 8. HP: 41/41 MP: 12/12
  5098 | D:6      | Reached ** piety under Vehumet
  5098 | D:6      | Offered knowledge of Freeze by Vehumet.
  5607 | D:6      | Reached skill level 10 in Air Magic
  6004 | D:6      | Reached XP level 9. HP: 45/45 MP: 13/13
  6037 | D:6      | Found a hide-covered altar of Uskayaw.
  6413 | D:7      | Reached skill level 10 in Conjurations
  6531 | D:7      | Learned a level 2 spell: Throw Frost
  7204 | D:7      | Offered knowledge of Throw Flame by Vehumet.
  7208 | D:7      | Learned a level 2 spell: Throw Flame
  7279 | D:8      | Noticed Joseph
  7327 | D:8      | Killed Joseph
  7327 | D:8      | Reached skill level 1 in Throwing
  7608 | D:8      | Found a blossoming altar of Fedhas.
  7790 | D:8      | Noticed Pikel
  7816 | D:8      | Killed Pikel
  7816 | D:8      | Reached XP level 10. HP: 51/51 MP: 10/14
  7892 | D:8      | Reached skill level 1 in Fighting
  8345 | D:8      | Reached *** piety under Vehumet
  8346 | D:8      | Noticed Maurice
  8397 | D:8      | Killed Maurice
  8866 | D:8      | Noticed Prince Ribbit
  8872 | D:8      | Killed Prince Ribbit
  9554 | D:9      | Found Duhiwiedgh's Book Boutique.
  9698 | D:9      | Offered knowledge of Conjure Flame by Vehumet.
 11192 | D:10     | Entered Level 10 of the Dungeon
 11687 | D:10     | Reached XP level 11. HP: 57/57 MP: 15/15
 11697 | D:10     | Reached **** piety under Vehumet
 11785 | D:10     | Offered knowledge of Stone Arrow by Vehumet.
 11896 | D:10     | Found a staircase to the Lair.
 12589 | D:10     | Got a twisted dagger
 12590 | D:10     | Identified the +6 dagger "Goblinbane" {pierce, MR+ Int+3} (You found it on level 10 of the Dungeon)
 12667 | D:10     | Found a staircase to the Orcish Mines.
 12822 | D:10     | Found a radiant altar of Vehumet.
 13028 | D:10     | Upgraded the game from 0.20-a0-296-gf222164 to 0.20-a0-299-gec7c366
 13071 | Lair:1   | Entered Level 1 of the Lair of Beasts
 13275 | Lair:1   | Gained mutation: You have supernaturally acute eyesight. (SInv) [potion of mutation]
 13275 | Lair:1   | Gained mutation: You are weak. (Str -2) [potion of mutation]
 13275 | Lair:1   | Gained mutation: Your spells are a little harder to cast, but a little more powerful. [potion of mutation]
 13578 | Lair:1   | Found an iron altar of Okawaru.
 14218 | Lair:2   | Reached skill level 15 in Air Magic
 14336 | Lair:2   | Reached skill level 1 in Fire Magic
 14364 | Lair:2   | Found a burning altar of Makhleb.
 14517 | Lair:2   | Reached skill level 15 in Conjurations
 15335 | Lair:2   | Reached XP level 12. HP: 45/64 MP: 5/16
 15636 | Lair:2   | Learned a level 5 spell: Lightning Bolt
 15705 | Lair:2   | Reached ***** piety under Vehumet
 15705 | Lair:2   | Offered knowledge of Ozocubu's Refrigeration by Vehumet.
 16102 | Lair:3   | Noticed Rupert
 16104 | Lair:3   | Noticed an eight-headed hydra
 16364 | Lair:3   | Noticed a six-headed hydra
 16509 | Orc:1    | Entered Level 1 of the Orcish Mines
 16522 | Orc:1    | Noticed AkloMaestro's ghost (journeyman DDHu)
 17615 | Lair:3   | Killed a six-headed hydra
 17823 | Lair:3   | Killed an eight-headed hydra
 18503 | Lair:3   | Found a staircase to the Snake Pit.
 19673 | Lair:4   | Reached skill level 5 in Spellcasting
 19822 | Lair:4   | HP: 3/64 [poisoned by a killer bee]
 19829 | Lair:4   | Noticed Nessos
 19831 | Lair:4   | Killed Nessos
 19831 | Lair:4   | Reached XP level 13. HP: 11/68 MP: 6/23
 19863 | Lair:4   | Slain by a killer bee

Vault maps used:
D:1:      dpeg_arrival_chase
D:2:      amethyst_overflow_temple_binary, elyvilon_altar_4, uniq_terence,
          uniq_iyjb
D:3:      tgw_trog
D:4:      overflow_temple_1_default, yredelemnul_altar_generic, first_bread
D:5:      minmay_misc_feat_more_columns
D:6:      grunt_temple_overflow_open, grunt_qazlal_clouds
D:8:      fedhas_altar_2, uniq_maurice, uniq_prince_ribbit1, uniq_pikel,
          uniq_joseph
D:9:      serial_shops, nicolae_shop_temple_entry_statues_fountains,
          grunt_livestock, kb_rosetta
D:10:     grunt_lair_entry_orc_guard_hut, orc_0_dummy, basic_altar
Lair:1:   basic_altar, kennysheep_abandoned_house
Lair:2:   basic_altar
Lair:3:   minmay_snake_entry_guardpost_small, st_stairs_12, serial_bayou_pond_d,
          grunt_megastairs_4, lemuel_fruit_tree, uniq_rupert
Lair:4:   regret_index_bee_streams, swamp_mist_pool, uniq_nessos
Orc:1:    serial_shops, nicolae_shop_stone, nicolae_orc_tapped_out

Skill      XL: |  1  2  3  4  5  6  7  8  9 10 11 12 |
---------------+-------------------------------------+-----
Conjurations   | 2 3 5 7 9 11 13 15 16 | 16.4
Air Magic      | 5 6 8 9 10 12 14 15 16 | 16.4
Dodging        | 3 4 |  4.7
Stealth        | 3 4 |  4.0
Throwing       | 2 3 4 |  4.8
Fighting       | 1 2 |  2.6
Fire Magic     | 1 |  1.5
Spellcasting   | 6 |  6.3
Short Blades   | |  0.4
Evocations     | |  0.8

Action                   |  1- 3 |  4- 6 |  7- 9 | 10-12 | 13-15 || total
-------------------------+-------+-------+-------+-------+-------++-------
Melee: Club              |    11 |     1 |       |       |       ||    12
       Peck              |     1 |       |       |     4 |       ||     5
       Short sword       |       |       |     4 |    12 |       ||    16
       Blowgun           |       |       |       |     1 |       ||     1
       Dagger            |       |       |       |    14 |       ||    14
       Kick              |       |       |       |     4 |       ||     4
 Fire: Blowgun           |       |       |    20 |   102 |       ||   122
 Cast: Shock             |    48 |   146 |   225 |   464 |       ||   883
       Repel Missiles    |     1 |     1 |       |       |       ||     2
       Static Discharge  |       |     7 |    25 |   178 |       ||   210
       Throw Flame       |       |       |       |    30 |       ||    30
       Lightning Bolt    |       |       |       |    41 |     1 ||    42
       Swiftness         |       |       |       |     1 |       ||     1
 Abil: Fly               |       |    13 |    13 |    46 |     1 ||    73
Evoke: Wand              |       |       |     1 |     9 |       ||    10
  Use: Potion            |     1 |     2 |       |     5 |     1 ||     9
       Scroll            |       |     5 |     9 |    15 |     1 ||    30
 Stab: Sleeping          |       |       |     1 |     2 |       ||     3
  Eat: Chunk             |     2 |    12 |    11 |    64 |       ||    89
       Royal jelly       |       |       |     1 |       |       ||     1
       Pizza             |       |       |     1 |     4 |       ||     5
       Beef jerky        |       |       |     1 |     1 |       ||     2
       Fruit             |       |       |     1 |     2 |     1 ||     4
       Meat ration       |       |       |       |     1 |       ||     1
Armor: Robe              |     4 |     2 |     2 |    29 |     3 ||    40
       Skin              |       |       |     1 |       |       ||     1
Dodge: Dodged            |    11 |    16 |    30 |   196 |     5 ||   258
       Deflected         |     1 |       |    10 |     2 |       ||    13
Block: Buckler           |       |       |       |    14 |     1 ||    15
